Map: Dreamcatcher LE

Players

LiquidTLO (TLO) - Winner!

  • Race: Zerg Zerg
  • Spawn Location: 11:00

Clem

  • Race: Terran Terran
  • Spawn Location: 5:00

Event: WCS Austin 2018

VOD

Have the link to the VOD?

Description

Time

  • Played on: June 1, 2018, 11:17 p.m.
  • Length: 13:02

All games in this series

Show
View Real Time Build Order
Export as new Build Order

LiquidTLO Zerg - Winner!

Build Orders: Hatch First, Muta Ling Bane 

Get SALT Encoding   

  12  0:00  Drone  
  13  0:08  Drone  
  14  0:16  Overlord  
  14  0:35  Drone x2  
  16  0:47  Hatchery  
  15  0:51  Drone  
  15  0:55  Drone  
  17  0:59  Drone  
  18  1:05  Extractor  
  17  1:14  Spawning Pool  
  17  1:18  Drone  
  17  1:21  Drone  
  18  1:29  Drone  
  20  1:40  Drone  
  20  1:50  Drone  
  21  2:01  Queen x2  
  21  2:02  Zergling x2  
  21  2:03  Overlord  
  21  2:08  Metabolic Boost  
  26  2:10  Drone  
  27  2:16  Drone  
  28  2:23  Drone  
  28  2:24  Extractor  
  29  2:32  Drone  
  29  2:33  Drone  
  29  2:34  Drone  
  31  2:38  Extractor  
  30  2:45  Hatchery  
  30  2:50  Overlord, Zergling x2  
  31  2:53  Spore Crawler  
  31  2:56  Drone  
  31  2:59  Overlord  
  31  3:04  Queen  
  34  3:08  Drone  
  34  3:10  Drone  
  34  3:11  Drone  
  37  3:13  Drone  
  37  3:14  Drone  
  37  3:16  Drone  
  37  3:18  Drone  
  41  3:21  Drone  
  41  3:22  Zergling x2  
  43  3:27  Queen  
  43  3:30  Drone  
  43  3:33  Drone  
  47  3:37  Drone  
  47  3:40  Overlord  
  48  3:43  Overlord  
  48  3:45  Extractor  
  47  3:51  Drone  
  47  3:53  Zergling x2  
  49  3:55  Drone  
  49  3:56  Drone  
  49  3:57  Queen  
  49  3:58  Drone  
  49  3:59  Zergling x2  
  55  4:04  Drone  
  55  4:09  Zergling x2  
  57  4:12  Zergling x2  
  57  4:13  Zergling x4  
  57  4:14  Zergling x2  
  60  4:18  Drone  
  60  4:21  Evolution Chamber, Zergling x2  
  60  4:23  Baneling Nest  
  60  4:27  Spore Crawler, Drone  
  60  4:29  Drone  
  61  4:32  Drone  
  62  4:38  Drone  
  62  4:39  Drone x2  
  62  4:42  Spore Crawler  
  62  4:43  Spore Crawler  
  62  4:44  Overlord  
  62  4:45  Drone  
  64  4:51  Drone  
  64  4:52  Drone, Zergling x2  
  62  4:56  Drone  
  62  4:57  Drone  
  62  4:58  Drone  
  61  5:00  Zergling x2  
  61  5:03  Zergling x2  
  61  5:04  Zergling x2  
  64  5:08  Queen, Zergling x2  
  64  5:10  Drone  
  64  5:13  Drone  
  66  5:15  Drone x2  
  66  5:17  Drone  
  66  5:20  Zerg Ground Armor Level 1  
  66  5:21  Drone  
  66  5:22  Evolution Chamber  
  66  5:25  Drone  
  66  5:26  Drone  
  66  5:27  Drone  
  68  5:31  Spore Crawler  
  68  5:32  Spore Crawler  
  65  5:38  Drone  
  65  5:39  Drone x6  
  70  5:46  Drone x2  
  70  5:49  Zerg Melee Weapons Level 1  
  72  5:51  Lair  
  72  5:53  Drone  
  72  5:56  Overlord, Hatchery  
  72  6:00  Extractor  
  72  6:02  Overlord, Extractor  
  72  6:03  Drone, Extractor  
  70  6:04  Baneling Nest, Extractor  
  70  6:06  Drone  
  70  6:07  Drone  
  70  6:10  Drone x2  
  70  6:11  Drone  
  73  6:16  Drone  
  73  6:17  Drone  
  75  6:19  Drone  
  75  6:21  Drone  
  75  6:22  Drone  
  75  6:23  Drone  
  75  6:24  Drone  
  80  6:25  Drone  
  80  6:30  Overlord  
  80  6:32  Drone, Zergling x2  
  84  6:33  Zergling x2  
  84  6:36  Overlord, Zergling x2  
  84  6:37  Pneumatized Carapace, Baneling x2  
  86  6:42  Overlord  
  86  6:43  Overlord  
  86  6:45  Zergling x2  
  87  6:47  Zergling x2  
  87  6:48  Overlord, Zergling x2  
  87  6:50  Centrifical Hooks  
  89  6:55  Spire  
  89  6:57  Baneling x2  
  89  6:58  Zergling x6  
  91  7:03  Zergling x2  
  91  7:04  Zergling x2  
  91  7:05  Zergling x4  
  91  7:06  Baneling x2  
  96  7:08  Zergling x2  
  96  7:10  Zergling x2  
  96  7:12  Zergling x2  
  96  7:14  Drone  
  99  7:19  Drone  
  98  7:22  Zerg Ground Armor Level 2  
  98  7:25  Overlord  
  97  7:31  Overlord  
  97  7:37  Drone  
  98  7:45  Zerg Melee Weapons Level 2  
  98  7:47  Hatchery  
  98  7:48  Zergling x2  
  98  7:49  Zergling x2  
  98  7:50  Zergling x2  
  96  7:54  Baneling x6  
  94  8:04  Zergling x2  
  94  8:08  Overlord, Mutalisk x9  
  94  8:11  Zergling x4  
  112  8:16  Zergling x2  
  112  8:18  Zerg Flyer Weapons Level 1, Zergling x2  
  114  8:21  Zergling x2  
  114  8:22  Zergling x2  
  114  8:26  Queen  
  117  8:28  Zergling x2  
  117  8:29  Infestation Pit, Queen x2, Zergling x6  
  117  8:30  Zergling x2  
  117  8:31  Zergling x2  
  117  8:32  Mutalisk x2  
  127  8:42  Mutalisk  
  127  8:44  Mutalisk  
  129  8:50  Mutalisk  
  129  8:52  Zergling x2  
  129  8:53  Zergling x4  
  129  8:55  Zergling x6  
  133  8:56  Zergling x2  
  133  8:57  Mutalisk  
  133  9:00  Zergling x2  
  133  9:01  Zergling x2  
  135  9:04  Zergling x2  
  135  9:05  Zergling x2  
  135  9:07  Zergling x4  
  138  9:15  Hive  
  138  9:16  Drone x2  
  139  9:17  Zergling x12  
  139  9:18  Zergling x6  
  139  9:23  Zergling x6  
  139  9:24  Zergling x2  
  150  9:32  Zergling x2  
  150  9:33  Zergling x4  
  150  9:35  Zergling x2  
  140  9:41  Zergling x2  
  140  9:42  Zergling x4  
  140  9:43  Zergling x4  
  140  9:49  Zergling x8  
  140  9:50  Baneling x9  
  140  9:52  Corruptor  
  146  9:55  Zergling x12  
  146  9:56  Queen, Zergling x2  
  155  10:03  Hatchery  
  154  10:10  Zergling x6  
  154  10:12  Baneling  
  154  10:13  Baneling x8  
  157  10:17  Spine Crawler  
  157  10:18  Spore Crawler, Spine Crawler  
  157  10:19  Zergling x2  
  157  10:20  Spine Crawler  
  152  10:24  Zergling x2  
  152  10:25  Zergling x4  
  152  10:28  Zergling x6  
  138  10:33  Zergling x20  
  138  10:38  Zergling x2  
  138  10:40  Zergling x8  
  138  10:41  Queen  
  143  10:44  Drone x2  
  143  10:45  Drone  
  143  10:46  Drone  
  143  10:47  Drone  
  143  10:49  Zergling x2  
  150  10:50  Drone  
  150  10:51  Zergling x2  
  150  10:53  Baneling x6  
  150  10:56  Drone x2  
  153  10:57  Drone  
  153  10:58  Drone x4  
  157  11:06  Greater Spire  
  157  11:10  Overlord, Baneling x7  
  157  11:17  Overlord  
  157  11:21  Overlord, Zergling x4  
  159  11:29  Extractor x2  
  159  11:30  Drone x6  
  163  11:35  Drone  
  163  11:36  Drone  
  163  11:37  Drone  
  163  11:45  Corruptor x4  
  163  11:46  Zergling x12  
  163  11:47  Zergling x6  
  165  11:49  Zergling x4  
  165  11:50  Zergling x4  
  165  11:51  Zergling x2  
  165  11:52  Zergling x2  
  171  11:55  Zergling x2  
  173  12:02  Zergling x10  
  173  12:05  Overlord  
  179  12:12  Overlord  
  179  12:13  Baneling x3  
  179  12:14  Baneling x11  
  152  12:22  Overlord  
  152  12:24  Brood Lord, Baneling  
  152  12:25  Brood Lord x2, Zergling x2  
  152  12:26  Zergling x2  
  152  12:27  Zergling x2  
  152  12:28  Zergling x2  
  152  12:29  Zergling x4  
  164  12:30  Zergling x2  
  164  12:32  Baneling x10  
  164  12:33  Zergling x4  
  164  12:35  Spine Crawler  
  164  12:36  Spine Crawler, Zergling x2  
  163  12:37  Zergling x2  
  154  12:45  Zergling x2  
Show
View Real Time Build Order
Export as new Build Order

Clem Terran 

Build Orders: Gas First Reaper Expand, Reaper Expand, Bio Tank, Hellion Banshee 

Get SALT Encoding   

  12  0:00  SCV  
  13  0:12  SCV  
  14  0:17  Supply Depot  
  14  0:24  SCV  
  15  0:31  Refinery  
  15  0:39  SCV  
  16  0:44  Barracks  
  16  0:51  SCV  
  17  1:03  SCV  
  18  1:15  SCV  
  19  1:31  Orbital Command, Reaper  
  20  1:43  Command Center  
  20  1:54  Factory  
  20  1:58  SCV  
  21  2:08  Barracks Reactor  
  21  2:10  SCV  
  22  2:20  Refinery, Supply Depot  
  22  2:22  SCV  
  23  2:41  SCV  
  23  2:44  Starport  
  23  2:49  Hellion  
  25  2:51  Hellion  
  25  2:53  SCV  
  25  2:55  Barracks Tech Lab  
  28  3:01  Orbital Command  
  28  3:05  SCV  
  29  3:13  Hellion  
  29  3:14  Hellion  
  29  3:18  SCV  
  34  3:26  Cloaking Field  
  34  3:29  SCV  
  34  3:32  Banshee  
  38  3:35  SCV  
  38  3:40  Hellion  
  41  3:44  Hellion, SCV  
  44  3:49  Supply Depot  
  44  3:54  SCV  
  45  4:01  SCV, Barracks Tech Lab  
  46  4:11  SCV  
  46  4:13  Supply Depot  
  46  4:14  SCV, Factory Reactor  
  48  4:17  Banshee  
  48  4:22  Marine  
  48  4:23  SCV  
  53  4:26  SCV  
  54  4:34  Command Center  
  54  4:35  SCV  
  54  4:37  Supply Depot  
  54  4:38  SCV  
  56  4:42  Stimpack  
  56  4:43  Marine  
  57  4:47  SCV  
  57  4:50  SCV  
  55  4:59  SCV  
  54  5:01  Marine  
  54  5:02  SCV  
  56  5:07  Barracks  
  56  5:08  Barracks  
  56  5:10  Starport Reactor  
  56  5:11  SCV  
  57  5:14  SCV  
  57  5:18  Marine  
  51  5:22  Siege Tank  
  51  5:23  SCV  
  51  5:25  Engineering Bay  
  51  5:26  SCV  
  51  5:27  Engineering Bay  
  55  5:35  SCV  
  55  5:36  Refinery, Marine  
  55  5:37  Refinery  
  55  5:38  SCV  
  56  5:47  SCV  
  56  5:49  Orbital Command  
  54  5:50  SCV  
  54  5:53  Terran Infantry Weapons Level 1, Terran Infantry Armor Level 1  
  54  5:54  Marine x3  
  54  5:56  Marine x2  
  60  5:59  SCV  
  60  6:02  SCV  
  62  6:06  Siege Tank  
  65  6:12  Marine x3, SCV  
  65  6:14  Marine x2  
  65  6:15  Orbital Command, SCV  
  65  6:17  Medivac x2  
  76  6:22  Supply Depot  
  76  6:23  Supply Depot  
  76  6:24  SCV  
  77  6:27  SCV  
  77  6:29  Marine  
  77  6:30  Marine x2  
  77  6:32  Marine x2  
  83  6:36  SCV  
  84  6:40  Supply Depot  
  84  6:41  Supply Depot, SCV  
  84  6:42  Combat Shields  
  84  6:43  SCV  
  84  6:44  Siege Tank  
  89  6:47  Marine  
  89  6:48  Marine x2, SCV  
  89  6:51  Marine  
  89  6:53  SCV  
  95  6:56  SCV  
  95  6:59  Marine  
  95  7:00  SCV  
  95  7:01  Bunker  
  98  7:05  Medivac, Marine, SCV  
  98  7:06  Barracks  
  98  7:07  Barracks  
  98  7:08  Medivac, SCV  
  103  7:12  SCV  
  103  7:15  Supply Depot  
  106  7:16  Marine  
  106  7:17  SCV  
  106  7:20  Armory  
  108  7:25  Siege Tank  
  108  7:27  Marine  
  108  7:28  Marine x3  
  115  7:30  SCV x2  
  115  7:33  Refinery  
  115  7:36  Marine  
  115  7:37  Refinery, SCV, Factory  
  119  7:42  Supply Depot  
  119  7:43  SCV  
  120  7:44  SCV  
  120  7:45  Marine x2  
  120  7:46  Marine x2  
  120  7:50  SCV  
  125  8:01  Marine, SCV  
  125  8:02  Barracks Reactor x2  
  125  8:04  Medivac x2, SCV, Siege Tank  
  133  8:11  Supply Depot  
  133  8:12  Marine x4, SCV  
  133  8:16  Supply Depot  
  133  8:18  Supply Depot  
  133  8:21  Concussive Shells  
  133  8:22  Factory Tech Lab  
  133  8:23  Marine, SCV, Terran Infantry Weapons Level 2  
  135  8:29  Marine x2  
  135  8:31  Terran Infantry Armor Level 2  
  135  8:32  Marine x2  
  139  8:39  Siege Tank  
  139  8:41  Marine  
  139  8:42  Marine  
  139  8:44  Missile Turret  
  139  8:45  Missile Turret  
  139  8:47  Marine x2, Missile Turret  
  131  8:49  Marine  
  131  8:50  Marine x2  
  131  8:51  Marine  
  131  8:59  Command Center, Marine x2  
  133  9:04  Medivac x2  
  133  9:08  Marine x2  
  133  9:09  SCV  
  140  9:10  Marine  
  140  9:11  SCV  
  140  9:13  Siege Tank  
  140  9:15  Siege Tank  
  138  9:30  Marine  
  138  9:31  Marine x2  
  139  9:34  Marine x2  
  139  9:37  Marine  
  139  9:38  Marine x3  
  133  9:45  Thor  
  140  9:48  Marine x2  
  140  9:49  Marine  
  146  9:53  Command Center, Thor  
  139  10:19  Marine x8  
  139  10:20  Medivac x2  
  139  10:21  Marine  
  151  10:28  Thor  
  135  10:36  Marine, Siege Tank  
  135  10:37  Marine  
  135  10:38  Command Center  
  135  10:42  Missile Turret  
  139  10:43  Marine  
  139  10:44  Marine x6, Missile Turret  
  146  10:50  Barracks  
  146  10:52  Barracks x2  
  146  10:54  Marine  
  146  10:55  Medivac x2  
  151  11:02  Marauder  
  151  11:04  Marine x2  
  152  11:05  Marine x2  
  152  11:07  Marine x2  
  152  11:08  Marine, Siege Tank  
  152  11:11  Siege Tank  
  165  11:25  Ghost Academy  
  165  11:40  SCV x2  
  164  11:54  Command Center  
  161  12:20  Marine x8  
  161  12:21  Marine x4  
  161  12:22  Siege Tank  
  156  12:24  Siege Tank  
  153  12:40  Command Center  
  146  12:49  Command Center  
Tags
 
Add a new tag
Caveats
  • Supply blocks, unpowered buildings, or Contaminate may cause inaccurate times.
  • Supply counts are checked every 10 seconds.